 Dungeon Crawl Stone Soup version 0.27.0-1-g7a089689b8 (webtiles) character file.

Game seed: 15530747626938503686

25 Malachi the Vexing (level 3, 0/28 HPs)
             Began as a Gnoll Arcane Marksman on Aug 15, 2021.
             Slain by an adder (4 damage)
             ... on level 1 of the Dungeon.
             The game lasted 00:02:00 (1084 turns).

Malachi the Vexing (Gnoll Arcane Marksman)          Turns: 1084, Time: 00:02:01

Health: 0/28       AC:  2    Str:  9    XL:     3   Next: 6%
Magic:  7/7        EV: 13    Int: 13    God:
Gold:   34         SH:  0    Dex: 12    Spells: 6/7 levels left

rFire    . . .     SeeInvis .   a - +0 shortbow
rCold    . . .     Faith    .   (shield currently unavailable)
rNeg     . . .     Spirit   .   d - +0 robe
rPois    .         Reflect  .   (no helmet)
rElec    .         Harm     .   g - scarf {shadows}
rCorr    .         Rampage  .   (no gloves)
Will     .....                  (no boots)
Stlth    +.........             (no amulet)
HPRegen  0.09/turn              (no ring)
MPRegen  0.10/turn              (no ring)

@: mighty, hasted, very quick
A: fangs 1, strong nose, distributed training
a: no special abilities


You were on level 1 of the Dungeon.
You visited 1 branch of the dungeon, and saw 2 of its levels.

You collected 34 gold pieces.

Inventory:

Hand Weapons
 a - a +0 shortbow (weapon)
Missiles
 c - 2 arrows (quivered ammo)
 f - 5 boomerangs (quivered)
Armour
 d - a +0 robe (worn)
 g - a scarf of shadows (worn)
Jewellery
 h - a ring of flight


   Skills:
 + Level 2.5 Fighting
 + Level 0.6 Short Blades
 + Level 0.6 Long Blades
 + Level 0.6 Axes
 + Level 0.6 Maces & Flails
 + Level 0.6 Polearms
 + Level 0.6 Staves
 + Level 0.6 Slings
 + Level 4.5 Bows
 + Level 0.6 Crossbows
 + Level 0.6 Throwing
 + Level 0.6 Armour
 + Level 4.5 Dodging
 + Level 0.6 Stealth
 + Level 0.6 Shields
 + Level 0.6 Unarmed Combat
 + Level 2.8 Spellcasting
 + Level 0.4 Conjurations
 + Level 5.4 Hexes
 + Level 0.4 Summonings
 + Level 0.4 Necromancy
 + Level 0.4 Translocations
 + Level 0.4 Transmutations
 + Level 0.4 Fire Magic
 + Level 0.4 Ice Magic
 + Level 0.4 Air Magic
 + Level 0.4 Earth Magic
 + Level 0.4 Poison Magic
 + Level 0.8 Invocations
 + Level 0.6 Evocations


You had 6 spell levels left.
You knew the following spells:

 Your Spells              Type           Power      Damage    Failure   Level
a - Corona                Hex            16%        N/A       2%          1

Your spell library contained the following spells:

 Spells                   Type           Power      Damage    Failure   Level
 Slow                     Hex            15%        N/A       3%          2
 Inner Flame              Hex/Fire       9%         N/A       22%         3
 Portal Projectile        Hex/Tloc       18%        N/A       22%         3
 Cause Fear               Hex            7%         N/A       26%         4


Dungeon Overview and Level Annotations

Branches:
Dungeon (2/15)

Altars:


Innate Abilities, Weirdness & Mutations

You have very sharp teeth.
Your uncanny sense of smell can sniff out nearby items.
Your experience applies equally to all skills.


Message History

The adder barely misses you. The adder closely misses you.
The adder closely misses you.
There is a stone staircase leading up here.
The adder completely misses you.
You climb upwards.
There is a stone staircase leading down here.
Unknown command.
The adder misses you.
Okay, then.
Throw: 5 boomerangs
Press: ? - help, Q - select action, (/) - cycle Shift-Dir - straight line, f - adder
Aim: an adder (lightly wounded, 38% to hit)
You throw a boomerang. The boomerang barely misses the adder.
The adder bites you. The adder closely misses you.
Unknown command.
Throw: 5 boomerangs
Press: ? - help, Q - select action, (/) - cycle Shift-Dir - straight line, f/p - adder
Aim: an adder (lightly wounded, 38% to hit)
You throw a boomerang. The boomerang misses the adder.
The adder barely misses you. The adder bites you.
* * * LOW HITPOINT WARNING * * *
It was a potion of might.
You feel very mighty all of a sudden. The adder bites you but does no damage.
It was a potion of haste.
You feel yourself speed up. The adder bites you but does no damage.
Throw: 5 boomerangs
Press: ? - help, Q - select action, (/) - cycle Shift-Dir - straight line, f/p - adder
Aim: an adder (lightly wounded, 38% to hit)
You throw a boomerang. The boomerang barely misses the adder.
The adder bites you.
* * * LOW HITPOINT WARNING * * *
Throw: 5 boomerangs
Press: ? - help, Q - select action, (/) - cycle Shift-Dir - straight line, f/p - adder
Aim: an adder (lightly wounded, 38% to hit)
You throw a boomerang. The boomerang hits the adder.
The adder is heavily wounded.
The adder barely misses you. The adder bites you.
You die...

.##
##..........†..........
..###
###.....######)..........
....#####....####
#.#.....#...
.##.........##
######.#######.##
.##....##.### #...##..#
#.# ...#.#.##.#
#...###.######.#
...#.#....# #...#
#....##..# ...†.###..#
###...# ####.##.##
...####...#####S@...##
#....#
...####.#..#....#....##
####.#
.....##.##..>#######..#
###.### .###........##
##.# #...... ##
###..#...# #..# #......
.## #.##...## #'##
#...... ..#
#.[.....#######.##
#...... ..#
##..####.....##...###
#...... ..###...#
#...#..#...#.###......


You could see an adder.

Vanquished Creatures
  3 ball pythons (D:1)
  7 bats
  An endoplasm (D:2)
  A giant cockroach (D:1)
  3 hobgoblins (D:1)
  2 quokkas (D:1)
  A frilled lizard (D:1)
  3 kobolds (D:1)
  A rat (D:1)
22 creatures vanquished.

Notes
Turn   | Place    | Note
-------+----------+-------------------------------------------
     0 | D:1      | Malachi the Gnoll Arcane Marksman began the quest for the
                  | Orb.
     0 | D:1      | Reached XP level 1. HP: 17/17 MP: 4/4
    65 | D:1      | Reached XP level 2. HP: 22/23 MP: 5/5
   675 | D:1      | Reached XP level 3. HP: 24/28 MP: 7/7
  1084 | D:1      | Slain by an adder

Illustrated notes

Levels and vault maps discovered:
D:1:      evilmike_arrival_plus, layout_rooms
D:2:      layout_basic, basic_altar, serial_shops, shop_statue,
          chequers_serial_rivers_room_b

Action                   || total
-------------------------++-------
 Fire: Shortbow          ||    66
Throw: Boomerang         ||     4
  Use: Potion            ||     2
Armor: Robe              ||     6
Dodge: Dodged            ||    38
